 Dungeon Crawl Stone Soup version 0.19-a0-867-g949743d (webtiles) character file.

332 4thArraOfDagon the Poker (level 6, 22/44 HPs)
             Began as a Mummy Skald on July 3, 2016.
             Was a Follower of Hepliaklqana.
             Quit the game on level 7 of the Dungeon.
             The game lasted 00:06:47 (1110 turns).

4thArraOfDagon the Poker (Mummy Skald)              Turns: 1110, Time: 00:06:48

Health: 22/44      AC:  4    Str: 15    XL:     6   Next: 26%
Magic:  8/9        EV: 12    Int: 14    God:    Hepliaklqana [*.....]
Gold:   68         SH:  0    Dex: 11    Spells: 2 memorised, 5 levels left

rFire  x . .     SeeInvis .     a - +1 spear
rCold  + . .     Gourm    .     b - +0 leather armour
rNeg   + + +     Faith    .     (no shield)
rPois  ∞         Spirit   .     (no helmet)
rElec  .         Dismiss  .     (no cloak)
rCorr  .         Reflect  .     (no gloves)
SustAt .         Harm     .     g - +0 pair of boots
MR     .....                    e - amulet of inaccuracy (curse)
Stlth  +.........               (no ring)
                                (no ring)

@: infused, not resistant to hostile enchantments, very unstealthy
A: no food or potions, fire vulnerability, cold resistance 1, negative energy
resistance 3, torment resistance, unbreathing
a: Recall Ancestor, Ancestor Identity, Renounce Religion


You were on level 7 of the Dungeon.
You worshipped Hepliaklqana.
Hepliaklqana was aware of your devotion.
You were not hungry.

You visited 1 branch of the dungeon, and saw 8 of its levels.

You collected 68 gold pieces.

Inventory:

Hand Weapons
 a - a +1 spear (weapon)
Armour
 b - a +0 leather armour (worn)
 g - a +0 pair of boots (worn)
Jewellery
 e - a cursed amulet of inaccuracy (around neck)
 f - an uncursed amulet of the gourmand {unknown}
Wands
 d - a wand of lightning (0/15)
Books
 c - a book of Battle

   Spells                             Type                      Level
   a - Infusion                       Charms                       1
   b - Shroud of Golubria             Charms/Translocation         2
   c - Song of Slaying                Charms                       2
   d - Spectral Weapon                Hexes/Charms                 3
   e - Regeneration                   Charms/Necromancy            3


   Skills:
 - Level 2.0 Fighting
 * Level 4.0 Polearms
 + Level 2.4 Armour
 + Level 2.5 Dodging
 - Level 2.0 Spellcasting
 * Level 0.6 Hexes
 * Level 2.6 Charms


You had 5 spell levels left.
You knew the following spells:

 Your Spells              Type           Power        Failure   Level  Hunger
a - Infusion              Chrm           #...         12%         1    N/A
b - Spectral Weapon       Hex/Chrm       #.......     47%         3    N/A

Dungeon Overview and Level Annotations

Branches:
Dungeon (8/15)
 Temple: D:4-7         Lair: D:8-11

Altars:
Dithmenos
Hepliaklqana
Kikubaaqudgha
Trog
The Shining One

Annotations:
D:5 Edmund
D:6 Pikel


Innate Abilities, Weirdness & Mutations

You do not eat or drink.
Your flesh is vulnerable to fire.
You are immune to poison.
Your flesh is cold resistant. (rC+)
You are immune to negative energy. (rN+++)
You are immune to unholy pain and torment.
You can survive without breathing.


Message History

Unknown command.
Unknown command.
You hit the iguana but do no damage.
The iguana is moderately wounded.
The water moccasin bites you. The iguana misses you.
Unknown command.
You miss the iguana.
The iguana is moderately wounded.
The water moccasin closely misses you. The water moccasin barely misses you.
The iguana barely misses you.
Unknown command.
You closely miss the iguana.
The iguana is moderately wounded.
The water moccasin barely misses you. The iguana bites you.
Unknown command.
You barely miss the iguana.
The iguana is moderately wounded.
The water moccasin closely misses you.
Unknown command.
Are you sure you want to abandon this character and quit the game? (Confirm with "yes".)

####### #.....#
#########.###.#
........(ol@#.#
#########.#S#.#
#.....# ###.###
#.# #.# #.# #.#
#.#


You could see a water moccasin, an iguana and an orc.

Vanquished Creatures
  A centaur (D:7)
  A giant frog (D:6)
  A hound (D:6)
  An iguana (D:4)
  A worker ant (D:6)
  An adder (D:2)
  A dart slug (D:4)
  A giant gecko (D:2)
  2 ball pythons
  4 giant cockroaches
  A quokka (D:2)
  A giant newt (D:2)
  A goblin (D:3)
  A rat (D:3)
18 creatures vanquished.

Vanquished Creatures (collateral kills)
  A giant frog (D:6)
  A hound zombie (D:5)
2 creatures vanquished.

Vanquished Creatures (others)
  2 ancestors
2 creatures vanquished.

Grand Total: 22 creatures vanquished

Notes
Turn   | Place    | Note
-------+----------+-------------------------------------------
     0 | D:1      | 4thArraOfDagon the Mummy Skald began the quest for the Orb.
     0 | D:1      | Reached XP level 1. HP: 16/16 MP: 3/3
    17 | D:2      | Reached skill level 1 in Dodging
    41 | D:2      | Reached skill level 1 in Armour
    41 | D:2      | Reached XP level 2. HP: 12/22 MP: 0/5
    84 | D:2      | Reached skill level 2 in Polearms
   176 | D:3      | Found a glowing golden altar of the Shining One.
   177 | D:3      | Found a bloodstained altar of Trog.
   188 | D:3      | Found a hazy altar of Hepliaklqana.
   200 | D:3      | Became a worshipper of Hepliaklqana
   241 | D:4      | Noticed a scorpion
   320 | D:5      | Entered Level 5 of the Dungeon
   379 | D:6      | Reached XP level 3. HP: 14/27 MP: 3/6
   446 | D:6      | Noticed a giant frog
   461 | D:6      | Killed a giant frog
   461 | D:6      | Reached skill level 3 in Polearms
   461 | D:6      | Reached XP level 4. HP: 23/33 MP: 7/7
   521 | D:5      | Noticed Edmund
   532 | D:5      | Noticed a sky beast
   704 | D:3      | Reached * piety under Hepliaklqana
   854 | D:4      | Reached XP level 5. HP: 26/38 MP: 8/8
   992 | D:6      | Learned a level 3 spell: Spectral Weapon
   994 | D:6      | Found a shadowy altar of Dithmenos.
  1075 | D:6      | Noticed a slave
  1075 | D:6      | Noticed a slave
  1078 | D:6      | Noticed Pikel
  1078 | D:7      | Noticed a centaur
  1084 | D:7      | Killed a centaur
  1084 | D:7      | Reached skill level 4 in Polearms
  1084 | D:7      | Reached XP level 6. HP: 35/44 MP: 7/9
  1095 | D:8      | Found an ancient bone altar of Kikubaaqudgha.
  1095 | D:8      | Noticed a water moccasin
  1110 | D:7      | Quit the game

Vault maps used:
D:1:      minmay_arrival_arboretum_small
D:3:      minmay_door_path, grunt_temple_overflow_open, serial_glass,
          glass_columns_c, glass_columns_b
D:4:      first_bread
D:5:      uniq_edmund
D:6:      grunt_dithmenos_smoke, uniq_sigmund, uniq_pikel
D:7:      lemuel_round_altar
D:8:      kiku_gazebo_garden_becter, erik_lair_island

Skill      XL: |  1  2  3  4  5 |
---------------+----------------+-----
Dodging        | 1 2 |  2.5
Armour         | 1 2 |  2.4
Polearms       | 2 3 4 |  4.0
Fighting       | |  2.0
Spellcasting   | |  2.0
Hexes          | |  0.6
Charms         | |  2.6

Action                   |  1- 3 |  4- 6 || total
-------------------------+-------+-------++-------
Melee: Spear             |    47 |    61 ||   108
 Cast: Infusion          |     7 |     6 ||    13
Invok: Recall Ancestor   |       |     2 ||     2
       Ancestor Identity |       |     2 ||     2
Evoke: Wand              |     1 |     8 ||     9
  Use: Scroll            |     3 |       ||     3
 Stab: Sleeping          |     1 |     1 ||     2
Armor: Leather armour    |     8 |    15 ||    23
Dodge: Dodged            |    25 |    49 ||    74
